 Dungeon Crawl Stone Soup version 0.18-a0-102-gb1241f3 (webtiles) character file.

37893 Proton the Severer (level 13, -6/123 HPs)
             Began as a Deep Dwarf Fighter on Nov 15, 2015.
             Was an Elder of Ru.
             Killed by divine providence
             ... invoked by an orc priest
              (10 damage)
             ... on level 4 of the Orcish Mines.
             The game lasted 00:53:30 (13572 turns).

Proton the Severer (Deep Dwarf Fighter)            Turns: 13572, Time: 00:53:30

Health: -6/123     AC: 25    Str: 32    XL:     13   Next: 60%
Magic:  10/10      EV: 14    Int: 10    God:    Ru [****..]
Gold:   1910       SH: 20    Dex: 16    Spells: 0 memorised, 12 levels left

rFire  + . .     SeeInvis .     w - +0 war axe (flame)
rCold  . . .     Clarity  .     a - +4 plate armour
rNeg   . . .     SustAt   .     y - +0 large shield
rPois  +         Gourm    .     (helmet restricted)
rElec  .         Spirit   .     d - +2 cloak "Duytreph" {rCorr}
rCorr  +         Warding  .     s - +1 pair of gloves
rMut   .         Stasis   +     u - +0 pair of boots
MR     +....                    F - amulet of stasis
Stlth  ..........               j - ring "Vuotynarr" {Fire rPois Str+6}
                                g - ring of protection from cold

@: agile, non-regenerating, heavily drained, somewhat resistant to hostile
enchantments, extremely unstealthy
A: damage resistance, recharge devices, fangs 1, horns 1, icy blue scales 1,
rough black scales 1, blurry vision 1, deformed body, low mp 1, sense
surroundings 2, slow regeneration 3, strong 1, no stealth, inability to use
devices, disrupted magic 1
a: Device Recharging, Draw Out Power, Power Leap, Renounce Religion


You were on level 4 of the Orcish Mines.
You worshipped Ru.
Ru was greatly pleased with you.
You were not hungry.

You visited 3 branches of the dungeon, and saw 19 of its levels.
You also visited: Labyrinth and Bailey.

You collected 1910 gold pieces.

Inventory:

Hand Weapons
 w - a +0 war axe of flaming (weapon)
Armour
 a - a +4 plate armour (worn)
 d - the +2 cloak "Duytreph" (worn) {rCorr}
   (You found it in a bailey)

   It protects you from acid and corrosion.
 s - a +1 pair of gloves (worn)
 u - a +0 pair of boots (worn)
 y - a +0 large shield (worn)
Jewellery
 g - a ring of protection from cold (left hand)
 j - the ring "Vuotynarr" (right hand) {Fire rPois Str+6}
   (You found it in a labyrinth)

   [ring of fire]

   It enhances your fire magic, and weakens your ice magic.
   It affects your strength (+6).
   It protects you from fire.
   It makes you vulnerable to cold.
   It protects you from poison.
 p - a +2 ring of slaying
 x - a +5 ring of dexterity
 F - an amulet of stasis (around neck)
Scrolls
 c - 2 scrolls of amnesia
 k - a scroll of enchant armour
 m - 3 scrolls of remove curse
 o - a scroll of teleportation
 A - a scroll of blinking
 B - a scroll of magic mapping
Potions
 h - a potion of degeneration {unknown}
 i - 3 potions of flight {unknown}
 l - 3 potions of heal wounds
 r - 7 potions of curing
 t - 2 potions of lignification
 v - 2 potions of agility
 z - a potion of ambrosia
 C - a potion of resistance
 E - 2 potions of cure mutation {unknown}
Books
 b - the Reference Book on Calling
   (You found it in a labyrinth)

   Spells                             Type                      Level
   a - Summon Butterflies             Summoning                    1
   b - Summon Guardian Golem          Hexes/Summoning              3
   c - Summon Lightning Spire         Summoning/Air                4
   d - Shadow Creatures               Summoning                    5
   e - Summon Hydra                   Summoning                    7
 H - a book of Battle

   Spells                             Type                      Level
   a - Infusion                       Charms                       1
   b - Shroud of Golubria             Charms/Translocation         2
   c - Song of Slaying                Charms                       2
   d - Spectral Weapon                Hexes/Charms                 3
   e - Regeneration                   Charms/Necromancy            3
Comestibles
 f - 8 bread rations
 D - 7 royal jellies


   Skills:
 + Level 9.8(8.4) Fighting
 * Level 15.3(13.7) Axes
 + Level 11.3(9.8) Armour
 + Level 8.1(6.7) Dodging
 + Level 11.3(9.8) Shields


You had 12 spell levels left.
You didn't know any spells.

Dungeon Overview and Level Annotations

Branches:
Dungeon (14/15)            Temple (1/1) D:5            Lair (0/8) D:9
    Orc (4/4) D:11            Elf (0/3) Orc:4        Vaults (0/5) D:13

Altars:
Ashenzari
Cheibriados
Dithmenos
Elyvilon
Fedhas
Gozag
Kikubaaqudgha
Makhleb
Nemelex Xobeh
Okawaru
Qazlal
Ru
Sif Muna
Trog
Vehumet
Xom
Yredelemnul
Zin
The Shining One
Jiyva

Shops:
D:4 **   D:7 *   D:9 [   D:10 :   D:13 }


Innate Abilities, Weirdness & Mutations

You are resistant to damage.
You can recharge devices by infusing magical energy.
You passively map the area around you.
You do not regenerate naturally.
You cannot be stealthy.
You cannot study or use magical devices.
Your casting is slightly disrupted.
You have very sharp teeth.
You have a pair of small horns on your head.
You are partially covered in icy blue scales (AC +1).
You are partially covered in rough black scales (AC +4, Dex -1).
Scrolls take you a little longer to read.
Armour fits poorly on your strangely shaped body.
Your magical capacity is low (-10% MP).
Your muscles are strong. (Str +2)


Message History

The orc high priest begins to pray, but is stunned by your will!
The orc priest mumbles some strange prayers to Beogh against you.
You easily resist.
The orc high priest moves out of view.
You slash the orc warrior! You burn the orc warrior.
You kill the orc warrior!
You hit the orc knight but do no damage.
You closely miss the orc knight.
The orc knight is heavily wounded.
You closely miss the orc priest.
The orc priest is heavily wounded.
You feel less exhausted.
The orc knight begins to attack, but is stunned by your will!
You redirect the orc knight's attack!
The orc knight hits the orc priest with a great sword!!
The orc priest dies!
The orc knight misses you.
The orc high priest cheers loudly.
The orc priest invokes the aid of Beogh against you.
Something smites you!
You die...

**,,**,,,,,,,,,**,,**
*,,,,**,,.o.,,**,,,,*
*,*,,,,,,#3#,,,,,,*,*
*,**,,,,,#o#,,,,,**,*
*,,***,,,#.#,,,***,,*
**,,*****#.#*****,,**
**...####o####...**
**#....ooo....#**
*****#@#*****
#####)#####*# ####
###....o.#..#.## ##..#
##..............# #....
#..............## #....
*#.#...#..)....# ####..#.
##...........####.......
##.........####........
###..#..###...##.........


You could see 3 orc knights, 2 orc high priests, a sun demon, an orc priest
(frenzied) and an orc wizard (frenzied).

Vanquished Creatures
  An orc warlord (Orc:2)
  A fire dragon (D:14)
  A minotaur (Lab)
  Fannar (D:10)
  2 centaur warriors
  Nergalle (Orc:1)
  2 unseen horrors (D:11)
  A wizard (D:14)
  5 hill giants
  Pikel (D:5)
  4 orc knights
  4 orc sorcerers
  4 ugly things
  5 cyclopes
  A cyclops (shapeshifter) (D:14)
  2 manticores (D:14)
  2 centaur zombies (D:14)
  Joseph (D:9)
  4 trolls
  A kobold demonologist (Bailey)
  A minotaur zombie (Lab)
  3 two-headed ogres
  Grinder (D:5)
  A freezing wraith (D:14)
  A trapdoor spider zombie (D:14)
  A wyvern (D:14)
  2 deep elf magi
  3 vampires
  Sigmund (D:4)
  A spriggan (shapeshifter) (D:13)
  3 hippogriffs
  A trapdoor spider (D:11)
  19 yaks
  Eustachio (D:5)
  Grum (D:8)
  A steam dragon (D:14)
  4 vampire mosquitoes (D:12)
  3 wolves (D:8)
  4 wargs
  2 mottled dragons
  2 water moccasins
  Duvessa (D:4)
  26 orc warriors
  4 phantoms
  5 ice beasts
  11 ogres
  A wasp (D:10)
  3 sky beasts
  An eye of draining (D:8)
  3 necrophages
  8 centaurs
  A big kobold (D:13)
  Blork the orc (D:4)
  A crocodile (D:12)
  6 giant frogs
  Dowan (D:4)
  A wyvern skeleton (D:13)
  3 scorpions
  4 killer bees
  6 crimson imps
  5 jellies
  31 orc wizards
  Crazy Yiuf (D:7)
  A gnoll shaman (D:5)
  A quasit (D:10)
  5 centaur skeletons
  2 giant frog skeletons
  3 iguanas
  24 orc priests
  8 worker ants
  4 hounds
  2 killer bee zombies (D:7)
  3 sheep (D:14)
  3 hound zombies
  3 mummies (D:7)
  2 worker ant zombies
  2 hound skeletons
  8 gnolls
  10 adders
  2 shadow imps
  4 adder zombies
  9 oozes
  5 worms
  3 giant geckos
  173 orcs
  4 ball pythons
  4 giant cockroaches
  13 hobgoblins
  3 jackals (D:2)
  2 quokkas
  11 bats
  9 giant newts
  19 goblins
  2 goblin skeletons (D:5)
  2 goblin zombies (D:5)
  A hobgoblin zombie (D:5)
  14 kobolds
  A kobold skeleton (D:5)
  2 orc skeletons (D:5)
  An orc zombie (D:5)
  A quokka zombie (D:7)
  9 rats
  2 fungi (D:9)
  A plant (D:9)
602 creatures vanquished.

Vanquished Creatures (others)
  An ugly thing (D:14)
  A hornet zombie (D:13)
  A yak (D:12)
  An orc warrior (Orc:1)
  A phantom (D:10)
  A centaur zombie (D:5)
  An orc priest (Orc:4)
  2 orcs
  2 hobgoblins (Bailey)
  A kobold (D:13)
  A fungus (D:9)
  5 plants (D:13)
18 creatures vanquished.

Grand Total: 620 creatures vanquished

Notes
Turn   | Place    | Note
--------------------------------------------------------------
     0 | D:1      | Proton the Deep Dwarf Fighter began the quest for the Orb.
     0 | D:1      | Reached XP level 1. HP: 20/20 MP: 1/1
   479 | D:1      | Reached XP level 2. HP: 21/27 MP: 2/2
   862 | D:2      | Reached XP level 3. HP: 18/33 MP: 3/3
   913 | D:2      | Reached XP level 4. HP: 18/42 MP: 4/4
  1031 | D:2      | Found a radiant altar of Vehumet.
  1230 | D:3      | Noticed a giant frog
  1243 | D:3      | Killed a giant frog
  1243 | D:3      | Reached skill level 4 in Axes
  1243 | D:3      | Reached XP level 5. HP: 31/49 MP: 5/5
  1297 | D:3      | Found a faded altar to an unknown god.
  1578 | D:3      | Reached XP level 6. HP: 17/56 MP: 6/6
  1748 | D:3      | Found a shimmering altar of Xom.
  1936 | D:4      | Noticed Duvessa
  1936 | D:4      | Noticed Dowan
  1968 | D:4      | Noticed Sigmund
  1979 | D:4      | Killed Sigmund
  1979 | D:4      | Reached skill level 5 in Axes
  1989 | D:4      | Noticed Blork the orc
  2004 | D:4      | Killed Blork the orc
  2004 | D:4      | Reached XP level 7. HP: 30/64 MP: 7/7
  2051 | D:4      | Reached skill level 5 in Armour
  2052 | D:4      | Found Elisouju's General Store.
  2064 | D:4      | Found an opulent altar of Gozag.
  2072 | D:4      | Found Gozag's Platinum Reserve.
  2129 | D:4      | Killed Duvessa
  2129 | D:4      | Reached skill level 5 in Shields
  2186 | D:4      | Reached skill level 6 in Axes
  2190 | D:4      | Killed Dowan
  2476 | D:5      | Entered Level 5 of the Dungeon
  2659 | D:5      | Noticed Pikel
  2702 | D:5      | Killed Pikel
  2702 | D:5      | Reached skill level 5 in Fighting
  2702 | D:5      | Reached skill level 7 in Axes
  2702 | D:5      | Reached XP level 8. HP: 23/74 MP: 8/8
  2857 | D:5      | Found a glowing golden altar of the Shining One.
  2862 | D:5      | Noticed Eustachio
  2880 | D:5      | Killed Eustachio
  2880 | D:5      | Reached skill level 8 in Axes
  3098 | D:5      | Gained mutation: Scrolls take you a little longer to read. [mutagenic meat]
  3099 | D:5      | Gained mutation: You are partially covered in icy blue scales (AC +1). [mutagenic meat]
  3100 | D:5      | Gained mutation: You are partially covered in rough black scales (AC +4, Dex -1). [mutagenic meat]
  3101 | D:5      | Gained mutation: You have very sharp teeth. [mutagenic meat]
  3102 | D:5      | Gained mutation: You have a pair of small horns on your head. [mutagenic meat]
  3103 | D:5      | Gained mutation: Armour fits poorly on your strangely shaped body. [mutagenic meat]
  3112 | D:5      | Found a bloodstained altar of Trog.
  3138 | D:5      | Found a staircase to the Ecumenical Temple.
  3183 | D:5      | Noticed Grinder
  3241 | D:5      | Found a deep blue altar of Sif Muna.
  3319 | D:5      | Killed Grinder
  3319 | D:5      | Gained mutation: You passively map the area around you. [Deep Dwarf growth]
  3319 | D:5      | Reached XP level 9. HP: 27/81 MP: 9/9
  3328 | Temple   | Entered the Ecumenical Temple
  3336 | Temple   | Became a worshipper of Ru the Awakened
  3535 | D:6      | Noticed a hill giant
  3547 | D:6      | Killed a hill giant
  3547 | D:6      | Reached skill level 9 in Axes
  4477 | D:7      | Found Ula Iri's Assorted Antiques.
  4484 | D:7      | Gained mutation: You cannot be stealthy. [Ru sacrifice]
  4523 | D:7      | Noticed Crazy Yiuf
  4530 | D:7      | Killed Crazy Yiuf
  4530 | D:7      | Reached skill level 10 in Axes
  4723 | D:7      | Reached XP level 10. HP: 66/92 MP: 10/10
  5010 | D:7      | Found a flagged portal.
  5022 | Bailey   | Entered a bailey
  5080 | Bailey   | Found an iron altar of Okawaru.
  5080 | Bailey   | Noticed an orc sorcerer
  5101 | Bailey   | Killed an orc sorcerer
  5144 | Bailey   | Reached skill level 11 in Axes
  5195 | Bailey   | Noticed an orc knight
  5210 | Bailey   | Killed an orc knight
  5249 | Bailey   | Noticed an orc knight
  5266 | Bailey   | Killed an orc knight
  5294 | Bailey   | Got a dazzling cloak
  5305 | Bailey   | Identified the +2 cloak "Duytreph" {rCorr} (You found it in a bailey)
  5327 | Bailey   | Got a slimy short sword
  5329 | Bailey   | Identified the +9 short sword "Laaph" {pierce, Str+5 Int-5} (You found it in a bailey)
  5351 | Bailey   | Identified the Catalogue of Attacks
  5843 | D:8      | Noticed Grum
  5848 | D:8      | Reached skill level 1 in Dodging
  5862 | D:8      | Killed Grum
  5932 | D:8      | Found a viscous altar of Jiyva.
  5940 | D:8      | Gained mutation: You cannot study or use magical devices. [Ru sacrifice]
  5940 | D:8      | Reached * piety under Ru
  5940 | D:8      | Reached ** piety under Ru
  5940 | D:8      | Reached *** piety under Ru
  6017 | D:8      | Reached XP level 11. HP: 70/100 MP: 8/10
  6120 | D:8      | Found a stormy altar of Qazlal.
  6508 | D:9      | Reached skill level 12 in Axes
  6536 | D:9      | Found Ypawnof's Armour Emporium.
  6751 | D:9      | Noticed Joseph
  6770 | D:9      | Killed Joseph
  6772 | D:9      | Found a staircase to the Lair.
  6822 | D:9      | Gained mutation: You are weak. (Str -2) [mutagenic meat]
  6836 | D:9      | Identified the Reference Book on Doomed Moulding
  7255 | D:10     | Entered Level 10 of the Dungeon
  7288 | D:10     | Found Luovviu's Book Boutique.
  7458 | D:10     | Noticed Fannar
  7487 | D:10     | Killed Fannar
  7498 | D:10     | Lost mutation: You are weak. (Str -2) [potion of mutation]
  7498 | D:10     | Lost mutation: You have a pair of small horns on your head. [potion of mutation]
  7499 | D:10     | Gained mutation: Your magical capacity is low (-10% MP). [potion of mutation]
  7499 | D:10     | Gained mutation: You have a pair of small horns on your head. [potion of mutation]
  7597 | D:10     | Gained mutation: Your casting is slightly disrupted. [Ru sacrifice]
  7597 | D:10     | Reached **** piety under Ru
  7993 | D:11     | Found a staircase to the Orcish Mines.
  8031 | Orc:1    | Entered Level 1 of the Orcish Mines
  8059 | D:11     | Noticed an unseen horror
  8059 | D:11     | Killed an unseen horror
  8167 | D:11     | Found a bloodstained altar of Trog.
  8491 | D:11     | Killed an unseen horror
  8491 | D:11     | Reached skill level 13 in Axes
  8783 | D:12     | Gained mutation: Your muscles are strong. (Str +2) [mutagenic meat]
  8784 | D:12     | Gained mutation: Your magical capacity is very low (-20% MP). [mutagenic meat]
  8786 | D:12     | Lost mutation: Your magical capacity is very low (-20% MP). [mutagenic meat]
  8814 | D:12     | Reached XP level 12. HP: 65/112 MP: 9/9
  8826 | D:12     | Reached skill level 10 in Armour
  8987 | D:12     | Reached skill level 5 in Dodging
  9150 | D:12     | You fall through a shaft for 2 floors!
  9198 | D:14     | Reached skill level 10 in Shields
  9402 | D:14     | Noticed a centaur warrior
  9540 | D:13     | Found a gate to the Vaults.
  9557 | D:13     | Noticed a six-headed hydra
  9706 | D:12     | Reached skill level 14 in Axes
  9851 | D:12     | Noticed a six-headed hydra
 10284 | D:13     | Found Ulakyn's Gadget Emporium.
 10494 | D:13     | Noticed a centaur warrior
 10532 | D:13     | Killed a centaur warrior
 10600 | D:14     | Killed a centaur warrior
 10653 | D:14     | Reached XP level 13. HP: 99/121 MP: 10/10
 11196 | D:11     | You fall through a shaft!
 11547 | Orc:2    | Noticed an orc warlord
 11579 | Orc:2    | Killed an orc warlord
 11781 | Orc:1    | Noticed Nergalle
 11792 | Orc:1    | Killed Nergalle
 11792 | Orc:1    | Reached skill level 15 in Axes
 12828 | Orc:4    | Entered Level 4 of the Orcish Mines
 12941 | Orc:4    | Found a staircase to the Elven Halls.
 12992 | Orc:4    | Found a labyrinth entrance.
 12998 | Lab      | Entered a labyrinth
 13219 | Lab      | Identified the Reference Book on Calling
 13219 | Lab      | Got a translucent bronze ring
 13226 | Orc:4    | Identified the ring "Vuotynarr" {Fire rPois Str+6} (You found it in a labyrinth)
 13569 | Orc:4    | HP: 6/123 [orc warrior/war axe (10)]
 13572 | Orc:4    | Killed from afar by an orc priest

Vault maps used:
D:1:      dpeg_arrival_renting, serial_park_tiny_pond
D:2:      overflow_temple_1_default, first_bread, cheibrodos_gnoll_hut
D:3:      lemuel_coloured_pillars_altar, ecumenical_altar_2
D:4:      nicolae_gozag_zags_fifth_avenue, serial_shops, shop,
          hangedman_decor_clover_reticule, uniq_sigmund, uniq_blork_the_orc,
          uniq_duvessa
D:5:      kennysheep_mini_moat, nicolae_tso_besieged_by_evil, led_sif_book,
          minmay_temple_entry_from_below_a, kennysheep_cluttered_room,
          uniq_pikel, uniq_eustachio, uniq_grinder
D:7:      serial_undead, serial_undead_b, serial_undead_e, serial_undead_c,
          serial_undead_e, enter_bailey_3, serial_shops,
          nicolae_shop_temple_entry_statues_fountains, uniq_crazy_yiuf_cottage
D:8:      kennysheep_mini, hangedman_little_slice_of_home, uniq_grum
D:9:      due_lair_maze_entry_diamond, serial_shops, shop, uniq_joseph
D:10:     serial_shops, shop, minmay_misc_feat_doors, uniq_fannar
D:11:     erik_orc_3, basic_altar, minivault_27
D:13:     david_vaults_1, serial_shops, shop, minmay_lizard_king
D:14:     minmay_misc_feat_diagonals
Temple:   circular_temple_12
Orc:1:    uniq_nergalle
Orc:3:    nicolae_orc_pool_cavern
Orc:4:    st_orc_elflike, lab_entry_generic
Lab:      labyrinth_hidden_loot, labyrinth_skeletal_remains
Bailey:   bailey_axe_of_yendor_kennysheep, bailey

Action                   |  1- 3 |  4- 6 |  7- 9 | 10-12 | 13-15 || total
-------------------------+-------+-------+-------+-------+-------++-------
Melee: War axe           |   112 |   180 |   324 |   917 |   418 ||  1951
Invok: Sacrifice Stealth |       |       |     1 |       |       ||     1
       Sacrifice Artific |       |       |       |     1 |       ||     1
       Draw Out Power    |       |       |       |    20 |    12 ||    32
       Sacrifice Essence |       |       |       |     1 |       ||     1
       Reject Sacrifices |       |       |       |     1 |     1 ||     2
       Power Leap        |       |       |       |     1 |       ||     1
 Abil: Device Recharging |       |       |       |     1 |       ||     1
Evoke: Wand              |       |     2 |     5 |     6 |       ||    13
  Use: Scroll            |       |       |     8 |    12 |     7 ||    27
       Potion            |       |       |       |     3 |     2 ||     5
 Stab: Invisible         |       |       |       |     3 |     2 ||     5
       Distracted        |       |       |       |     1 |     1 ||     2
       Paralysed         |       |       |       |       |     1 ||     1
  Eat: Beef jerky        |       |     1 |     2 |       |       ||     3
       Bread ration      |       |     1 |     1 |     1 |       ||     3
       Chunk             |       |       |     6 |     7 |       ||    13
       Meat ration       |       |       |       |     3 |       ||     3
       Fruit             |       |       |       |     1 |       ||     1
       Royal jelly       |       |       |       |       |     5 ||     5
